 Dungeon Crawl Stone Soup version 0.31-a0-221-gbddc013574 (webtiles) character file.

Game seed: 10796464850206893572

105 qw the Shooter (level 4, -1/36 HPs)
             Began as a Minotaur Hexslinger on July 4, 2023.
             Slain by an orc
             ... wielding a +0 mace
              (5 damage)
             ... on level 3 of the Dungeon.
             The game lasted 00:00:38 (1650 turns).

qw the Shooter (Minotaur Hexslinger)                Turns: 1650, Time: 00:00:38

Health: -1/36      AC:  2    Str: 13    XL:     4   Next: 53%
Magic:  0/4        EV: 12    Int: 10    God:
Gold:   60         SH:  0    Dex: 14    Spells: 4/5 levels left

rFire   + . .        Y - +1 sling (flame)
rCold   + . .        (no shield)
rNeg    . . .        c - +0 robe
rPois   .            (helmet restricted)
rElec   .            d - scarf {rC+ rF+}
rCorr   .            (no gloves)
SInv    .            (no boots)
Will    .....        f - amulet of guardian spirit
Stlth   +            (no ring)
HPRegen 0.26/turn    (no ring)
MPRegen 0.09/turn

%: guardian spirit
@: no status effects
A: horns 2, retaliatory headbutt
a: no special abilities


You were on level 3 of the Dungeon.
You visited 1 branch of the dungeon, and saw 3 of its levels.

You collected 133 gold pieces.
You spent 73 gold pieces at shops.


Innate Abilities, Weirdness & Mutations

You have a pair of horns on your head.
You reflexively headbutt those who attack you in melee.


   Skills:
 + Level 2.0 Fighting
 - Level 5.1 Ranged Weapons
 - Level 2.1 Dodging
 - Level 1.0 Spellcasting
 - Level 2.0 Hexes


You had 4 spell levels left.
You knew the following spells:

 Your Spells              Type           Power      Damage    Failure   Level
a - Slow                  Hex            16%        N/A       16%         1

Your spell library contained the following spells:

 Spells                   Type           Power      Damage    Failure   Level
 Inner Flame              Hex/Fire       2%         N/A       56%         3
 Portal Projectile        Hex/Tloc       4%         N/A       56%         3
 Cause Fear               Hex            2%         N/A       83%         4

Inventory:

Hand Weapons
 Y - a +1 sling of flaming (weapon)
Armour
 c - a +0 robe (worn)
 d - a scarf of resistance (worn)
 e - a +0 ring mail
Jewellery
 f - an amulet of guardian spirit (around neck)
 g - a ring of ice
 i - an amulet of the acrobat
Scrolls
 h - 2 scrolls of identify
 k - a scroll of butterflies {unknown}
 l - a scroll of immolation {unknown}
Potions
 a - a potion of curing {unknown}
 b - a potion of enlightenment {unknown}
 j - a potion of magic {unknown}

Dungeon Overview and Level Annotations

Branches:
Dungeon (3/15)

Altars:

Shops:
D:2 =::**

Annotations:
D:3 3 runed translucent doors


Message History

The sling bullet burns the orc priest.
The orc priest is heavily wounded.
The orc priest barely misses you. The orc hits you but does no damage.
The orc priest miscasts a cantrip.
The orc hits you with a +0 flail.
The orc priest calls down the wrath of Beogh upon you.
Pain shoots through your body!
You shoot a sling bullet.
The sling bullet barely misses the orc priest. x2
The orc closely misses you.
The orc priest hits you with a +0 flail!
You shoot a sling bullet.
The sling bullet closely misses the orc priest. x2
The orc closely misses you. The orc priest barely misses you.
You shoot a sling bullet.
The sling bullet closely misses the orc priest.
The sling bullet hits the orc priest.
The sling bullet burns the orc priest.
The orc priest is heavily wounded.
The orc barely misses you. The orc priest barely misses you.
You furiously retaliate!
You headbutt the orc priest!
You kill the orc priest!
Your Ranged Weapons skill increases to level 5!
You shoot a sling bullet. The sling bullet hits the orc.
The sling bullet burns the orc.
The orc is severely wounded.
The orc priest calls upon Beogh to heal the orc.
The orc's wounds heal themselves!
The orc hits you with a +0 flail.
You shoot a sling bullet.
The sling bullet hits the orc but does no damage.
The orc barely misses you. The orc hits you but does no damage.
You shoot a sling bullet. The sling bullet barely misses the orc.
The sling bullet hits the orc priest.
The sling bullet burns the orc priest.
The orc priest is severely wounded.
The orc completely misses you. The orc misses you. You furiously retaliate!
You headbutt the orc. You shoot a sling bullet.
The sling bullet barely misses the orc.
The sling bullet hits the orc priest!
The sling bullet burns the orc priest.
You kill the orc priest!
The orc hits you with a +0 mace.
You die...

#.#.. ...#.# #..###
##.#.####.#.## #..#..
#............###..%..
#.>.#.#...............
#. #.#.##.#..###.#...
#. #.#.##..).........
#.. #.#.####..###.##.#
#...#o#.# #........#.
#..)o@..# ##.#####...
#..###%## #.# ..# ....
..# #.# .# ### #..#
#.# .# ... ... # ....
..... ...###


You could see 2 orcs.

Vanquished Creatures
  2 orc priests (D:3)
  2 adders
  A dart slug (D:3)
  3 worms
  2 endoplasms
  5 giant cockroaches
  3 hobgoblins (D:1)
  2 jackals (D:3)
  3 quokkas (D:1)
  4 ball pythons
  6 bats
  3 frilled lizards
  6 goblins
  2 kobolds (D:1)
  4 rats
48 creatures vanquished.

Notes
Turn   | Place    | Note
-------+----------+-------------------------------------------
     0 | D:1      | qw the Minotaur Hexslinger began the quest for the Orb.
     0 | D:1      | Reached XP level 1. HP: 16/16 MP: 1/1
     0 | D:1      | 0 ||| qw: Version: 0.3-a-41-g9d075ac
     0 | D:1      | 0 ||| qw: Game counter: 842
     0 | D:1      | 0 ||| qw: Melee chars always use a shield: true
     0 | D:1      | 0 ||| qw: God list: Okawaru
     0 | D:1      | 0 ||| qw: Allow faded altars: false
     0 | D:1      | 0 ||| qw: Do Orc after clearing Dungeon:15 true
     0 | D:1      | 0 ||| qw: Do second Lair branch before Depths: true
     0 | D:1      | 0 ||| qw: Lair rune preference: random
     0 | D:1      | 0 ||| qw: Goals: Normal
     0 | D:1      | 0 ||| PLANNING D:1-11
   165 | D:1      | Reached skill level 3 in Ranged Weapons
   165 | D:1      | Reached XP level 2. HP: 12/23 MP: 2/2
   451 | D:1      | Found a faded altar of an unknown god.
   910 | D:1      | 910 ||| UPGRADING to scarf of resistance.
   915 | D:1      | 915 ||| UPGRADING to amulet of guardian spirit.
   920 | D:1      | 920 ||| DROPPING +6 ring of intelligence.
   921 | D:1      | 921 ||| READING scroll labelled UFREHO PUMIKK.
   922 | D:1      | 922 ||| READING scroll labelled FAOWNAPTOA.
   923 | D:1      | 923 ||| READING scroll labelled FUISYE HUOLOZA.
   924 | D:1      | 924 ||| DROPPING scroll of poison.
  1086 | D:2      | Found Dipozery's Assorted Antiques.
  1093 | D:2      | 1093 ||| SHOPLISTING fluorescent wand (96 gold, have 51).
  1093 | D:2      | 1093 ||| SHOPLISTING ring mail (96 gold, have 51).
  1093 | D:2      | 1093 ||| BUYING scroll labelled IRASMA HISUPH (24 gold).
  1093 | D:2      | Bought a scroll labelled IRASMA HISUPH for 24 gold pieces
  1093 | D:2      | 1093 ||| BUYING scroll labelled NEDAOR TENEIMN (24 gold).
  1093 | D:2      | Bought a scroll labelled NEDAOR TENEIMN for 24 gold pieces
  1096 | D:2      | Found Ufux's Jewellery Shoppe.
  1104 | D:2      | 1104 ||| SHOPLISTING +4 ring of protection (360 gold, have
                  | 3).
  1104 | D:2      | 1104 ||| SHOPLISTING amulet of faith (400 gold, have 3).
  1104 | D:2      | 1104 ||| SHOPLISTING amulet of reflection (300 gold, have
                  | 3).
  1104 | D:2      | 1104 ||| SHOPLISTING amulet of regeneration (300 gold, have
                  | 3).
  1104 | D:2      | 1104 ||| SHOPLISTING ring of positive energy (200 gold,
                  | have 3).
  1136 | D:2      | Reached XP level 3. HP: 27/29 MP: 3/3
  1186 | D:2      | Found Zuwesic's Book Boutique.
  1189 | D:2      | Found Koith's Assorted Antiques.
  1200 | D:2      | 1200 ||| SHOPLISTING cabochon ring (140 gold, have 25).
  1200 | D:2      | 1200 ||| BUYING fuming yellow potion (25 gold).
  1200 | D:2      | Bought a fuming yellow potion for 25 gold pieces
  1200 | D:2      | 1200 ||| SHOPLISTING leather armour (56 gold, have 0).
  1200 | D:2      | 1200 ||| SHOPLISTING pair of boots (126 gold, have 0).
  1200 | D:2      | 1200 ||| SHOPLISTING ring mail (112 gold, have 0).
  1200 | D:2      | 1200 ||| SHOPLISTING scroll labelled VYCELOEFOA (28 gold,
                  | have 0).
  1200 | D:2      | Found Rok Qun's Book Shoppe.
  1358 | D:2      | 1358 ||| READING scroll labelled IRASMA HISUPH.
  1359 | D:2      | 1359 ||| READING scroll labelled NEDAOR TENEIMN.
  1360 | D:2      | 1360 ||| READING 2 scrolls labelled YNORUY PUATTU.
  1361 | D:2      | 1361 ||| READING scroll labelled DUONEL FUFENEG.
  1389 | D:3      | Reached skill level 4 in Ranged Weapons
  1390 | D:3      | Found a runed translucent gate.
  1390 | D:3      | Found a runed translucent gate.
  1390 | D:3      | Found a runed translucent gate.
  1588 | D:3      | Reached XP level 4. HP: 30/36 MP: 4/4
  1618 | D:3      | Identified the +1 flail "Ysuwn" {heavy, Dex+3}
  1644 | D:3      | HP: 5/36 [orc priest/+0 flail (6)]
  1647 | D:3      | Reached skill level 5 in Ranged Weapons
  1650 | D:3      | Slain by an orc

Levels and vault maps discovered:
D:1:      eino_arrival_water_star, layout_basic,
          ebering_ecumenical_altar_sacrificial, minmay_hexomino_f4
D:2:      layout_basic, serial_shops, shop, shop, shop, shop, shop
D:3:      layout_loops_ring, ebering_ghost_rock_garden

Skill      XL: |  1  2  3  4 |
---------------+-------------+-----
Ranged Weapons | 3 4 5 |  5.1
Fighting       | 2 |  2.0
Dodging        | |  2.1
Spellcasting   | |  1.0
Hexes          | |  2.0

Action                     |  1- 3 |  4- 6 || total
---------------------------+-------+-------++-------
   Fire: Sling             |   112 |    16 ||   128
    Use: Scroll            |     7 |       ||     7
 Armour: Robe              |    10 |     2 ||    12
  Dodge: Dodged            |    26 |     9 ||    35

Table legend:
 A = Non-vault XP
 B = Vault XP
 C = Vault XP percentage of total XP
 D = Non-vault monster count
 E = Vault monster count
 F = Vault count percentage of total count
                 A         B        C        D         E       F
            +---------+---------+-------+---------+---------+-------
      Total |     191 |       2 |   1.0 |      46 |       2 |   4.2
            +---------+---------+-------+---------+---------+-------
        D:1 |      31 |       2 |   6.1 |      20 |       2 |   9.1
        D:2 |      28 |       0 |   0.0 |       8 |       0 |   0.0
        D:3 |     132 |       0 |   0.0 |      18 |       0 |   0.0
            +---------+---------+-------+---------+---------+-------
